 Dungeon Crawl Stone Soup version 0.19.0-11-g3fc08b3 (webtiles) character file.

7613 JeffiDaFish the Basher (level 11, 0/68 HPs)
             Began as a Gargoyle Fighter on Nov 8, 2016.
             Was a Believer of Makhleb.
             Killed from afar by an electric eel (1 damage)
             ... with a bolt of electricity
             ... on level 1 of the Lair of Beasts.
             The game lasted 00:28:28 (8790 turns).

JeffiDaFish the Basher (Gargoyle Fighter)           Turns: 8790, Time: 00:28:28

Health: 0/68       AC: 23    Str: 23    XL:     11   Next: 18%
Magic:  13/13      EV:  6    Int:  8    God:    Makhleb [**....]
Gold:   614        SH: 14    Dex: 12    Spells: 2 memorised, 10 levels left

rFire  . . .     SeeInvis .     a - +1 flail
rCold  . . .     Gourm    .     h - +0 plate armour
rNeg   + + .     Faith    .     c - +2 shield
rPois  ∞         Spirit   .     F - +0 helmet
rElec  +         Reflect  .     (no cloak)
rCorr  .         Harm     .     d - +0 pair of gloves
MR     .....                    (no boots)
Stlth  ..........               (no amulet)
                                g - ring of positive energy
                                o - +2 ring of slaying

@: no status effects
A: fangs 1, thin skeletal structure 1, low mp 1, negative energy resistance 1,
electricity resistance, unbreathing, petrification resistance, rot immunity, AC
+7
a: Minor Destruction, Renounce Religion


You were on level 1 of the Lair of Beasts.
You worshipped Makhleb.
Makhleb was pleased with you.
You were not hungry.

You visited 3 branches of the dungeon, and saw 11 of its levels.

You collected 614 gold pieces.

Inventory:

Hand Weapons
 a - a +1 flail (weapon)
Armour
 c - a +2 shield (worn)
 d - a +0 pair of gloves (worn)
 h - a +0 plate armour (worn)
 F - a +0 helmet (worn)
Jewellery
 g - a ring of positive energy (right hand)
 o - a +2 ring of slaying (left hand)
Wands
 x - a wand of polymorph (13/24)
 E - a wand of lightning (7/15)
Scrolls
 j - 2 scrolls of amnesia
 k - 9 scrolls of identify
 m - a scroll of blinking
 n - 5 scrolls of remove curse
 q - 2 scrolls of magic mapping
 t - 3 scrolls of fog
 u - 2 scrolls of teleportation
 v - a scroll of fear
 C - a scroll of enchant weapon
Potions
 e - 3 potions of agility
 l - a potion of flight
 p - 3 potions of might
 s - a potion of curing
 z - a potion of invisibility
 A - a potion of resistance
 B - a potion of cure mutation
Books
 r - a book of Cantrips

   Spells                             Type                      Level
   a - Confusing Touch                Hexes                        1
   b - Animate Skeleton               Necromancy                   1
   c - Summon Small Mammal            Summoning                    1
   d - Apportation                    Translocation                1
 w - a book of Misfortune

   Spells                             Type                      Level
   a - Confusing Touch                Hexes                        1
   b - Confuse                        Hexes                        3
   c - Gell's Gravitas                Hexes/Translocation          3
   d - Petrify                        Transmutation/Earth          4
   e - Metabolic Englaciation         Hexes/Ice                    5
   f - Yara's Violent Unravelling     Hexes/Transmutation          5
 y - a book of Necromancy

   Spells                             Type                      Level
   a - Pain                           Necromancy                   1
   b - Animate Skeleton               Necromancy                   1
   c - Vampiric Draining              Necromancy                   3
   d - Regeneration                   Charms/Necromancy            3
   e - Animate Dead                   Necromancy                   4
   f - Control Undead                 Necromancy                   4
Comestibles
 b - 7 meat rations
 f - 11 bread rations
 i - 3 slices of pizza


   Skills:
 * Level 8.1 Fighting
 * Level 10.3 Maces & Flails
 * Level 8.2 Armour
 - Level 1.9 Dodging
 - Level 1.0 Stealth
 * Level 9.5 Shields
 + Level 2.4 Spellcasting
 - Level 0.3 Hexes
 + Level 2.1 Necromancy


You had 10 spell levels left.
You knew the following spells:

 Your Spells              Type           Power        Failure   Level  Hunger
a - Animate Skeleton      Necr           N/A          100%        1    ##.....
b - Confuse               Hex            #.......     100%        3    ####...


Dungeon Overview and Level Annotations

Branches:
Dungeon (9/15)             Temple (1/1) D:7            Lair (1/6) D:9
    Orc: D:9-12

Altars:
Gozag
Kikubaaqudgha
Makhleb
Nemelex Xobeh
Ru
Sif Muna
Trog
Zin

Shops:
D:5 }


Innate Abilities, Weirdness & Mutations

You are resistant to torment.
Your stone body is resilient. (AC +7)
You are immune to poison.
You resist negative energy. (rN+)
You are resistant to electric shocks. (rElec)
You can survive without breathing.
You are immune to petrification.
You are immune to rotting.
You have very sharp teeth.
You have a somewhat thin skeletal structure. (Dex +2, Stealth)
Your magical capacity is low. (-10% MP)


Message History

The bolt of electricity hits the plant.
The spiny frog stings you but does no damage.
Your unstable footing causes you to fumble your attack.
The electric eel shoots out a bolt of lightning at you!
The bolt of electricity hits you! You resist.
The bolt of electricity hits the plant.
You block the spiny frog's attack.
You hit the electric eel. Your bite misses the electric eel.
The electric eel is almost dead.
The spiny frog stings you!
* * * LOW HITPOINT WARNING * * *
The electric eel shoots out a bolt of lightning at you!
The bolt of electricity hits you! You resist.
* * * LOW HITPOINT WARNING * * *
The bolt of electricity hits the plant.
Your unstable footing causes you to fumble your attack.
The spiny frog stings you!
* * * LOW HITPOINT WARNING * * *
The electric eel shoots out a bolt of lightning at you!
The bolt of electricity hits you! You resist.
You die...

..#.......#.............
...+#.....#...#.........
..........#.............
...........#+.#.......#.
....≈.P≈..............##
≈.≈≈≈≈≈≈..............#
PPPPPPP≈..............##
≈PP≈≈≈≈PF.............#P
≈≈≈PPP≈@................
≈≈≈≈≈PP;................
≈≈≈≈≈≈≈≈♣...............
≈≈≈≈≈≈≈P♣..#############
≈≈≈≈≈≈≈P♣♣## ≈≈≈≈≈≈P♣♣
≈≈≈≈P≈≈ P≈P≈P♣♣


You could see a spiny frog and an electric eel.

Vanquished Creatures
  A hydra (Lair:1)
  A skeletal warrior (D:9)
  A gargoyle (D:9)
  A komodo dragon (Lair:1)
  A kobold demonologist (D:9)
  A merfolk (D:9)
  Grinder (D:3)
  2 hippogriffs (D:7)
  3 yaks (D:9)
  Menkaure (D:4)
  Duvessa (D:6)
  An ice beast (D:7)
  2 sky beasts
  A hornet zombie (D:8)
  9 ogres
  A phantom (D:8)
  4 centaurs
  A crocodile (Lair:1)
  3 big kobolds (D:3)
  3 bullfrogs
  Dowan (D:6)
  2 scorpions
  11 killer bees
  A howler monkey (D:5)
  2 crimson imps
  2 hounds
  4 jellies
  A quasit (D:7)
  11 orc wizards
  3 orc priests
  A bullfrog skeleton (D:8)
  Terence (D:2)
  2 hell rats (D:9)
  6 worker ants
  A killer bee zombie (D:6)
  A howler monkey zombie (D:8)
  13 gnolls
  2 river rats (D:9)
  10 adders
  6 shadow imps
  2 oozes
  An adder skeleton (D:5)
  5 worms
  5 dart slugs
  4 leopard geckos
  32 orcs
  3 ball pythons
  5 giant cockroaches
  39 goblins
  28 hobgoblins
  7 jackals
  9 kobolds
  7 quokkas
  7 bats
  6 frilled lizards
  9 rats
289 creatures vanquished.

Notes
Turn   | Place    | Note
-------+----------+-------------------------------------------
     0 | D:1      | JeffiDaFish the Gargoyle Fighter began the quest for the Orb.
     0 | D:1      | Reached XP level 1. HP: 14/14 MP: 1/1
   116 | D:1      | Reached XP level 2. HP: 14/19 MP: 2/2
   263 | D:1      | Reached XP level 3. HP: 23/23 MP: 3/3
  1164 | D:2      | Reached XP level 4. HP: 29/29 MP: 4/4
  1324 | D:2      | Found an ancient bone altar of Kikubaaqudgha.
  1431 | D:2      | Noticed Terence
  1440 | D:2      | Killed Terence
  1440 | D:2      | Reached skill level 3 in Maces & Flails
  1676 | D:3      | Reached XP level 5. HP: 31/33 MP: 5/5
  1931 | D:3      | Noticed a centaur
  1944 | D:3      | Killed a centaur
  2234 | D:3      | Reached skill level 4 in Maces & Flails
  2234 | D:3      | Reached skill level 1 in Dodging
  2234 | D:3      | Reached XP level 6. HP: 34/38 MP: 6/6
  2245 | D:3      | Noticed Grinder
  2246 | D:3      | Paralysed by Grinder for 4 turns
  2264 | D:3      | Killed Grinder
  2264 | D:3      | Reached XP level 7. HP: 40/44 MP: 7/7
  2404 | D:3      | Reached skill level 5 in Shields
  2422 | D:3      | Reached skill level 5 in Maces & Flails
  2987 | D:3      | Gained mutation: You have a somewhat thin skeletal structure. (Dex +2, Stealth) [potion of mutation]
  2987 | D:3      | Gained mutation: You have very sharp teeth. [potion of mutation]
  2987 | D:3      | Gained mutation: Your magical capacity is low. (-10% MP) [potion of mutation]
  3451 | D:4      | Noticed Menkaure
  3481 | D:4      | Killed Menkaure
  3481 | D:4      | Reached skill level 5 in Fighting
  3481 | D:4      | Reached XP level 8. HP: 9/49 MP: 7/7
  3704 | D:4      | Reached skill level 6 in Maces & Flails
  3886 | D:4      | Reached skill level 5 in Armour
  3971 | D:5      | Entered Level 5 of the Dungeon
  3999 | D:5      | Found a bloodstained altar of Trog.
  4790 | D:5      | Found Oruy's Gadget Shoppe.
  5032 | D:6      | Found a sacrificial altar of Ru.
  5046 | D:6      | Reached skill level 7 in Maces & Flails
  5046 | D:6      | Reached XP level 9. HP: 51/54 MP: 8/8
  5107 | D:6      | Noticed Duvessa
  5115 | D:6      | Killed Duvessa
  5117 | D:6      | Noticed Dowan
  5131 | D:6      | Killed Dowan
  5425 | D:6      | Reached skill level 8 in Maces & Flails
  5521 | D:7      | Found a staircase to the Ecumenical Temple.
  5539 | Temple   | Entered the Ecumenical Temple
  5544 | Temple   | Became a worshipper of Makhleb the Destroyer
  6478 | D:7      | Reached skill level 1 in Stealth
  6483 | D:7      | Reached skill level 9 in Maces & Flails
  6514 | D:8      | Reached * piety under Makhleb
  6550 | D:8      | Reached XP level 10. HP: 55/61 MP: 9/9
  6650 | D:8      | Learned a level 1 spell: Animate Skeleton
  6709 | D:8      | Learned a level 3 spell: Confuse
  6826 | D:8      | Reached ** piety under Makhleb
  7372 | D:9      | Reached skill level 1 in Spellcasting
  7406 | D:9      | Noticed a skeletal warrior
  7431 | D:9      | Killed a skeletal warrior
  7431 | D:9      | Reached skill level 1 in Necromancy
  7594 | D:9      | Noticed a kobold demonologist
  7600 | D:9      | Killed a kobold demonologist
  7691 | D:9      | Found a staircase to the Lair.
  7730 | D:9      | Reached skill level 10 in Maces & Flails
  7892 | D:9      | Reached *** piety under Makhleb
  7927 | D:9      | Noticed a gargoyle
  7949 | D:9      | Killed a gargoyle
  8192 | D:9      | Reached XP level 11. HP: 66/68 MP: 12/12
  8582 | Lair:1   | Entered Level 1 of the Lair of Beasts
  8684 | Lair:1   | Noticed a seven-headed hydra
  8695 | Lair:1   | Killed a seven-headed hydra
  8790 | Lair:1   | HP: 1/68 [spiny frog (7)]
  8790 | Lair:1   | Killed from afar by an electric eel

Skill      XL: |  1  2  3  4  5  6  7  8  9 10 11 |
---------------+----------------------------------+-----
Maces & Flails | 3 4 5 7 9 10 | 10.3
Shields        | 4 5 7 8 9 |  9.5
Armour         | 4 5 6 7 8 |  8.2
Fighting       | 4 5 6 7 8 |  8.1
Dodging        | 1 |  1.9
Stealth        | 1 |  1.0
Spellcasting   | 2 |  2.4
Necromancy     | 1 2 |  2.1
Hexes          | |  0.3

Action                   |  1- 3 |  4- 6 |  7- 9 | 10-12 || total
-------------------------+-------+-------+-------+-------++-------
Melee: Flail             |   141 |   176 |   509 |   408 ||  1234
       Bite              |       |       |    39 |    54 ||    93
  Use: Scroll            |     5 |     1 |    13 |     1 ||    20
       Potion            |     3 |     5 |     7 |     1 ||    16
  Eat: Chunk             |     1 |     4 |    13 |     6 ||    24
       Fruit             |       |       |     1 |       ||     1
       Bread ration      |       |       |       |     1 ||     1
Armor: Scale mail        |    26 |       |       |       ||    26
       Chain mail        |    56 |   142 |   124 |       ||   322
       Plate armour      |       |       |   127 |   212 ||   339
Dodge: Dodged            |    38 |    42 |   110 |    70 ||   260
Block: Shield            |    71 |   119 |   304 |   250 ||   744
